 Dungeon Crawl Stone Soup version 0.25.1-2-g60ff931df9 (webtiles) character file.

Game seed: 16401257425576019520

93 DogServant the Firebug (level 4, -2/24 HPs)
             Began as a Tengu Fire Elementalist on Oct 15, 2020.
             Slain by a hobgoblin
             ... wielding a +0 trident
             ... led by Robin
              (11 damage)
             ... on level 3 of the Dungeon.
             The game lasted 00:04:49 (2379 turns).

DogServant the Firebug (Tengu Fire Elementalist)    Turns: 2379, Time: 00:04:49

Health: -2/24      AC:  2    Str:  9    XL:     4   Next: 61%
Magic:  3/9        EV: 12    Int: 22    God:
Gold:   119        SH:  0    Dex: 14    Spells: 5/9 levels left

rFire    . . .     SeeInvis .   b - +0 dagger
rCold    . . .     Gourm    .   (no shield)
rNeg     . . .     Faith    .   a - +0 robe
rPois    .         Spirit   .   (helmet restricted)
rElec    .         Reflect  .   (no cloak)
rCorr    .         Harm     .   (no gloves)
MR       .....                  (boots unavailable)
Stlth    ++........             (no amulet)
HPRegen  0.08/turn              d - +6 ring of intelligence
MPRegen  0.11/turn              (no ring)

@: no status effects
A: beak, talons 3
a: no special abilities


You were on level 3 of the Dungeon.
You were not hungry.

You visited 1 branch of the dungeon, and saw 3 of its levels.

You collected 119 gold pieces.

Inventory:

Hand Weapons
 b - a +0 dagger (weapon)
Missiles
 h - 22 poisoned darts (quivered)
Armour
 a - a +0 robe (worn)
Jewellery
 d - a +6 ring of intelligence (left hand)
Scrolls
 e - 4 scrolls of identify {unknown}
 j - a scroll of amnesia {unknown}
 l - 2 scrolls of teleportation {unknown}
 m - 2 scrolls of remove curse {unknown}
 p - a scroll of fear {unknown}
 q - a scroll of immolation {unknown}
Potions
 f - a potion of might {unknown}
 g - a potion of lignification {unknown}
 i - 2 potions of curing {unknown}
 k - a potion of mutation {unknown}
 n - 2 potions of berserk rage {unknown}
 o - a potion of brilliance {unknown}
Comestibles
 c - 4 rations


   Skills:
 - Level 2.1 Dodging
 - Level 2.0 Stealth
 + Level 3.0 Spellcasting
 + Level 3.4 Conjurations
 + Level 4.2 Fire Magic


You had 5 spell levels left.
You knew the following spells:

 Your Spells              Type           Power        Failure   Level  Hunger
a - Foxfire               Conj/Fire      ###.         2%          1    None
b - Inner Flame           Hex/Fire       ##......     16%         3    ###....

Your spell library contained the following spells:

 Spells                   Type           Power        Failure   Level  Hunger
 Conjure Flame            Conj/Fire      ###.....     8%          3    ###....
 Animate Skeleton         Necr           N/A          12%         1    None
 Apportation              Tloc           #.....       12%         1    None
 Corona                   Hex            #......      12%         1    None
 Summon Small Mammal      Summ           #...         12%         1    None
 Sticky Flame             Conj/Fire      ###.....     26%         4    ####...
 Fireball                 Conj/Fire      ###.......   58%         5    ######.


Dungeon Overview and Level Annotations

Branches:
Dungeon (3/15)

Altars:
Ru


Innate Abilities, Weirdness & Mutations

You have a beak for a mouth.
You have claws for feet.


Message History

Casting: Foxfire (safe; 2% risk of failure)
Confirm with . or Enter, or press ? or * to list all spells.
You conjure some foxfire!
The hobgoblin shouts!
Robin hits you with a +0 club.
Casting: Foxfire (safe; 2% risk of failure)
Confirm with . or Enter, or press ? or * to list all spells.
You conjure some foxfire!
The foxfire hits Robin.
Robin is severely wounded.
The foxfire hits Robin.
Robin is almost dead.
Casting: Foxfire (safe; 2% risk of failure)
Confirm with . or Enter, or press ? or * to list all spells.
You conjure some foxfire!
The foxfire hits Robin.
You kill Robin!
Your Spellcasting skill increases to level 3!
The foxfire hits the hobgoblin.
The hobgoblin is almost dead.
The hobgoblin hits you from afar with a +0 trident!
You die...

.........# .........#
.........#
.........#####
.............
.......§.g.
......§v.############
.......@).†<).....†.#
......v..###.######g#
.........#........#g#
.........#.#.####)#†####
#####'###.......§.)...<+
..P PPPPP.PPP########
#..P P.......P #..


PPPPPPP. ..v§.P You could see a hobgoblin.

Vanquished Creatures
  Robin (D:3)
  An adder (D:2)
  2 worms (D:2)
  3 dart slugs
  A leopard gecko (D:1)
  5 bats
  A giant cockroach (D:2)
  17 goblins
  5 hobgoblins
  4 jackals (D:2)
  3 ball pythons
  8 kobolds
  4 rats
55 creatures vanquished.

Vanquished Creatures (others)
  131 foxfires
131 creatures vanquished.

Grand Total: 186 creatures vanquished

Notes
Turn   | Place    | Note
-------+----------+-------------------------------------------
     0 | D:1      | DogServant the Tengu Fire Elementalist began the quest for
                  | the Orb.
     0 | D:1      | Reached XP level 1. HP: 10/10 MP: 4/4
   177 | D:1      | Reached XP level 2. HP: 15/15 MP: 3/6
   783 | D:1      | Reached XP level 3. HP: 19/19 MP: 3/7
   941 | D:1      | You fall into a shaft and drop 1 floor!
  1154 | D:2      | Learned a level 3 spell: Inner Flame
  1384 | D:2      | Found a sacrificial altar of Ru.
  1412 | D:2      | Reached skill level 4 in Fire Magic
  1716 | D:2      | Reached XP level 4. HP: 24/24 MP: 6/9
  2239 | D:3      | Noticed Robin
  2379 | D:3      | Killed Robin
  2379 | D:3      | Slain by a hobgoblin

Illustrated notes

Levels and vault maps discovered:
D:1:      lemuel_arrival_room, layout_loops_cross
D:2:      layout_basic, marbit_many_paths
D:3:      layout_basic, nicolae_overflow_hidden_temple, lemuel_crystal_altar,
          kiku_gazebo_pond_becter, zin_angel, minmay_hedge_maze,
          nemelex_lonely_heart_becter, uniq_robin, uniq_natasha

Skill      XL: |  1  2  3  4 |
---------------+-------------+-----
Conjurations   | 2 3 |  3.4
Fire Magic     | 4 |  4.2
Spellcasting   | 3 |  3.0
Dodging        | |  2.1
Stealth        | |  2.0

Action                   |  1- 3 |  4- 6 || total
-------------------------+-------+-------++-------
Melee: Unarmed           |     6 |       ||     6
       Kick              |     2 |     5 ||     7
       Peck              |     1 |     1 ||     2
       Dagger            |     3 |    20 ||    23
 Cast: Foxfire           |    63 |    32 ||    95
       Inner Flame       |     2 |     1 ||     3
 Stab: Sleeping          |     1 |       ||     1
  Eat: Chunk             |     2 |     1 ||     3
       Ration            |       |     1 ||     1
Armor: Robe              |     4 |     9 ||    13
Dodge: Dodged            |    17 |    33 ||    50
